 Dungeon Crawl Stone Soup version 0.29-a0-322-g68df515428 (webtiles) character file.

Game seed: 13398616302347017896

190 101zpm the Covered (level 5, 0/33 HPs)
             Began as a Gargoyle Fighter on Apr 8, 2022.
             Slain by a gnoll
             ... wielding a +0 flail
              (4 damage)
             ... on level 3 of the Dungeon.
             The game lasted 00:03:36 (2023 turns).

101zpm the Covered (Gargoyle Fighter)               Turns: 2023, Time: 00:03:37

Health: 0/33       AC: 13    Str: 22    XL:     5   Next: 69%
Magic:  5/5        EV:  9    Int:  8    God:
Gold:   26         SH:  4    Dex:  9    Spells: 4/4 levels left

rFire   . . .      SeeInvis .   n - +7 hand axe of Azatamu {flame, rElec rN+}
rCold   . . .      Faith    .   c - +0 buckler
rNeg    + + .      Spirit   .   b - +0 scale mail
rPois   ∞          Reflect  .   q - +0 helmet
rElec   +          Harm     .   r - +0 cloak
rCorr   .          Rampage  .   (no gloves)
Will    .....                   (no boots)
Stlth   ..........              (no amulet)
HPRegen 0.11/turn               (no ring)
MPRegen 0.09/turn               (no ring)

@: no status effects
A: sickness immunity, AC +4, negative energy resistance 1, electricity
resistance, torment resistance 1, petrification resistance
a: no special abilities


You were on level 3 of the Dungeon.
You visited 1 branch of the dungeon, and saw 4 of its levels.

You collected 26 gold pieces.

Inventory:

Hand Weapons
 a - a +0 flail
 m - a +0 hunting sling
 n - the +7 hand axe of Azatamu (weapon) {flame, rElec rN+}
   (You found it on level 3 of the Dungeon)

   It burns those it strikes, dealing additional fire damage.
   Big, fiery blades are also staple armaments of hydra-hunters.
   rElec:     It insulates you from electricity.
   rN:        It protects you from negative energy.
Missiles
 h - 73 stones (quivered)
Armour
 b - a +0 scale mail (worn)
 c - a +0 buckler (worn)
 q - a +0 helmet (worn)
 r - a +0 cloak (worn)
Jewellery
 f - an amulet of guardian spirit
Scrolls
 e - 2 scrolls of teleportation {unknown}
 g - a scroll of vulnerability {unknown}
 k - a scroll of torment {unknown}
 l - 2 scrolls of identify {unknown}
 o - a scroll of immolation {unknown}
Potions
 d - 2 potions of might
 i - a potion of berserk rage {unknown}
 j - a potion of attraction {unknown}
 p - 2 potions of heal wounds {unknown}


   Skills:
 + Level 4.0 Fighting
 + Level 0.7(2.3) Axes
 + Level 3.8(3.9) Maces & Flails
 + Level 4.1 Armour
 + Level 1.3 Dodging
 + Level 3.7 Shields


You had 4 spell levels left.
You didn't know any spells.
Your spell library contained the following spells:

 Spells                   Type           Power      Damage    Failure   Level
 Summon Small Mammal      Summ           0%         N/A       82%         1
 Call Canine Familiar     Summ           0%         N/A       99%         3
 Summon Guardian Golem    Hex/Summ       0%         N/A       99%         3


Dungeon Overview and Level Annotations

Branches:
Dungeon (4/15)
 Temple: D:4-7

Altars:
Elyvilon
Okawaru

Shops:
D:2 =


Innate Abilities, Weirdness & Mutations

You are immune to sickness and miasma.
Your stone body is resilient. (AC +4)
You are immune to poison.
You resist negative energy. (rN+)
You are resistant to electric shocks. (rElec)
You are resistant to unholy torment.
You are immune to petrification.


Message History

You are too injured to fight recklessly!
You are too injured to fight recklessly!
You are too injured to fight recklessly!
You are too injured to fight recklessly!
You are too injured to fight recklessly!
You are too injured to fight recklessly!
You are too injured to fight recklessly!
You are too injured to fight recklessly!
You are too injured to fight recklessly!
You are too injured to fight recklessly!
You are too injured to fight recklessly!
You are too injured to fight recklessly!
You are too injured to fight recklessly!
You are too injured to fight recklessly!
You are too injured to fight recklessly!
You slash the gnoll! You burn the gnoll.
You kill the gnoll!
The gnoll hits you from afar with a +0 spear.
The gnoll barely misses you.
Things that are here:
a +0 halberd; a gnoll corpse You slash the gnoll!
You burn the gnoll.
The gnoll is severely wounded.
The gnoll hits you with a +0 spear.
You barely miss the gnoll.
The gnoll is severely wounded.
The gnoll barely misses you.
You hit the gnoll. You burn the gnoll.
You kill the gnoll!
Things that are here:
a +0 spear; a gnoll corpse You start resting.
A gnoll comes into view. It is wielding a +0 flail.
A gnoll is nearby!
The gnoll shouts!
You hit the gnoll but do no damage. The gnoll hits you but does no damage.
The gnoll hits you with a +0 flail!
* * * LOW HITPOINT WARNING * * *
You closely miss the gnoll. The gnoll hits you with a +0 flail.
You die...

.###.#
.###.## #..#
......# #..
####..######
#..
#........
...
#.#######
#.# #.# #.#
#.#######
#g#
#.......#
#@#
#######.#
#.#
#.#####.#
#...))))#
#..######
#..# #..# ##
#..# .####
#..#


You could see a gnoll.

Vanquished Creatures
  A scorpion (D:3)
  3 gnolls (D:3)
  6 adders
  An orc (D:3)
  An endoplasm (D:3)
  A goblin (D:1)
  3 hobgoblins
  3 jackals (D:3)
  5 quokkas
  3 ball pythons
  7 bats
  7 frilled lizards (D:1)
  6 kobolds
  5 rats
52 creatures vanquished.

Notes
Turn   | Place    | Note
-------+----------+-------------------------------------------
     0 | D:1      | 101zpm the Gargoyle Fighter began the quest for the Orb.
     0 | D:1      | Reached XP level 1. HP: 14/14 MP: 1/1
   271 | D:1      | Reached XP level 2. HP: 19/19 MP: 2/2
   289 | D:1      | Found a faded altar of an unknown god.
   871 | D:1      | Reached XP level 3. HP: 24/24 MP: 3/3
  1139 | D:2      | Found Huipn's Jewellery Shop.
  1616 | D:3      | Identified the +7 hand axe of Azatamu {flame, rElec rN+}
  1632 | D:3      | Noticed a scorpion
  1639 | D:3      | Killed a scorpion
  1640 | D:3      | Reached skill level 1 in Dodging
  1640 | D:3      | Reached XP level 4. HP: 29/29 MP: 4/4
  1655 | D:3      | Found a white marble altar of Elyvilon.
  1670 | D:3      | Reached XP level 5. HP: 28/33 MP: 5/5
  1813 | D:3      | Found an iron altar of Okawaru.
  2023 | D:3      | Slain by a gnoll

Illustrated notes

Levels and vault maps discovered:
D:1:      dpeg_arrival_shelter, layout_loops_cross,
          shapermc_ecumenical_altar_gd, minivault_27, minmay_lizard_pond
D:2:      layout_loops_corners, serial_shops, nicolae_shop_advertising_works
          [nicolae_subvault_shop_adworks], moated_statue
D:3:      layout_loops_ring, mainiacjoe_overflow_concentric_impassable,
          lemuel_doored_altar, mainiacjoe_overflow_alcove_2
D:4:      layout_cave_pools, mainiacjoe_overflow_24_doors

Skill      XL: |  1  2  3  4  5 |
---------------+----------------+-----
Maces & Flails | 3 |  3.8
Dodging        | 1 |  1.3
Armour         | 4 |  4.1
Fighting       | 4 |  4.0
Axes           | |  0.7
Shields        | |  3.7

Action                   |  1- 3 |  4- 6 || total
-------------------------+-------+-------++-------
Melee: Flail             |   116 |       ||   116
       Hand axe          |     5 |    40 ||    45
Throw: Stone             |     4 |       ||     4
Armor: Scale mail        |    64 |    19 ||    83
Dodge: Dodged            |    64 |    23 ||    87
Block: Buckler           |    26 |     9 ||    35

Table legend: (Time is in decaauts)
 A = Elapsed time spent in this place.
 B = Non-inter-level travel time spent in this place.
 C = Inter-level travel time spent in this place.
 D = Time resting spent in this place.
 E = Time spent auto-exploring this place.
 F = Levels seen in this place.
 G = Mean time per level.
                   A        B        C        D        E       F      G
               +--------+--------+--------+--------+--------+-----+--------+
         Total |   2071 |   1969 |    102 |    111 |   1454 |   4 |  517.8 |
       Dungeon |   2071 |   1969 |    102 |    111 |   1454 |   4 |  517.8 |
               +--------+--------+--------+--------+--------+-----+--------+

Top non-repeatable levels by time:
     D:1: 1159 daAuts
     D:3: 593 daAuts
     D:2: 311 daAuts
     D:4: 6 daAuts
